 Dungeon Crawl Stone Soup version 0.30-a0-368-g86fb4627a9 (webtiles) character file.

Game seed: 6539968773655640297

13 HolyTactitian the Gusty (level 2, -1/15 HPs)
             Began as a Tengu Air Elementalist on Nov 18, 2022.
             Slain by a quokka (5 damage)
             ... on level 1 of the Dungeon.
             The game lasted 00:04:31 (473 turns).

HolyTactitian the Gusty (Tengu Air Elementalist)     Turns: 473, Time: 00:05:01

Health: -1/15      AC:  2    Str:  8    XL:     2   Next: 37%
Magic:  0/6        EV: 12    Int: 15    God:
Gold:   32         SH:  0    Dex: 14    Spells: 4/5 levels left

rFire   . . .      SeeInvis .    e - staff of death
rCold   . . .      Faith    .    (no shield)
rNeg    + . .      Spirit   .    a - +0 robe
rPois   .          Reflect  .    (helmet restricted)
rElec   .          Harm     .    (no cloak)
rCorr   .          Rampage  .    (no gloves)
Will    .....                    (boots unavailable)
Stlth   ++........               (no amulet)
HPRegen 0.22/turn                (no ring)
MPRegen 0.10/turn                (no ring)

@: no status effects
A: beak, talons 3
a: no special abilities


You were on level 1 of the Dungeon.
You visited 1 branch of the dungeon, and saw 1 of its levels.

You collected 32 gold pieces.

Inventory:

Armour
 a - a +0 robe (worn)
Magical Staves
 d - a staff of cold
 e - a staff of death (weapon)
Scrolls
 f - a scroll of amnesia {unknown}
 g - a scroll of teleportation {unknown}
 h - a scroll of identify {unknown}
 i - a scroll of noise {unknown}
Potions
 b - a potion of magic
 c - a potion of flight {unknown}


   Skills:
 + Level 2.3 Dodging
 + Level 2.0 Stealth
 + Level 2.1 Spellcasting
 + Level 1.4 Conjurations
 + Level 4.7 Air Magic


You had 4 spell levels left.
You knew the following spells:

 Your Spells              Type           Power      Damage    Failure   Level
a - Shock                 Conj/Air       40%        1d5       6%          1

Your spell library contained the following spells:

 Spells                   Type           Power      Damage    Failure   Level
 Static Discharge         Conj/Air       20%        2-3/arc   10%         2
 Swiftness                Air            15%        N/A       10%         3
 Airstrike                Air            7%         2d(2-18)  30%         4


Dungeon Overview and Level Annotations

Branches:
Dungeon (1/15)

Altars:


Innate Abilities, Weirdness & Mutations

You have a beak for a mouth.
You have claws for feet.


Message History

The bat hits you but does no damage.
You hit the giant cockroach but do no damage.
You claw the giant cockroach, but do no damage.
You peck the giant cockroach, but do no damage.
The giant cockroach is heavily wounded.
The bat hits you. The giant cockroach bites you.
The giant cockroach barely misses you.
You closely miss the giant cockroach. You peck the giant cockroach.
The giant cockroach is almost dead.
The bat hits you but does no damage.
The giant cockroach bites you but does no damage.
You hit the giant cockroach.
You kill the giant cockroach!
The bat closely misses you. The bat misses you. The quokka bites you.
Aiming: Shock (safe; 6% risk of failure)
Press: ? - help, Q - select action Shift-Dir - straight line, f - quokka
Aim: a quokka (56% to hit)
The zap misses the quokka. x2
The bat hits you but does no damage. The quokka completely misses you.
Unknown command.
Aiming: Shock (safe; 6% risk of failure)
Press: ? - help, Q - select action Shift-Dir - straight line, p - quokka The zap misses the quokka.
The quokka bites you. The bat closely misses you.
You barely miss the quokka. The bat hits you. The quokka bites you.
The bat hits you but does no damage. The quokka completely misses you.
You closely miss the quokka. You claw the quokka, but do no damage.
You peck the quokka.
The quokka is moderately wounded.
The bat misses you. The bat hits you but does no damage. The quokka bites you.
You closely miss the quokka.
The quokka is moderately wounded.
The bat closely misses you. The quokka misses you.
You barely miss the quokka. Your kick misses the quokka.
The quokka is moderately wounded.
The bat hits you but does no damage. The bat closely misses you.
The quokka bites you.
* * * LOW HITPOINT WARNING * * *
The quokka bites you.
You die...

........∩.#
###.#.# ###'###...
........###
#...#.###.....####
........#
#.###..#.......#
.#∩#...## #.#
#.......# .#.#####
#.# #...#...# ####
#.# #.......# #
#.# #.......# #.#
##.....## #@#
####### #.br...#
#....)## ........
.......#...
......... ..
.##........ . #.
##........


You could see a quokka and a bat.

Vanquished Creatures
  A bat (D:1)
  An endoplasm (D:1)
  A giant cockroach (D:1)
  A goblin (D:1)
  2 hobgoblins (D:1)
  2 quokkas (D:1)
  A ball python (D:1)
  2 rats (D:1)
11 creatures vanquished.

Notes
Turn   | Place    | Note
-------+----------+-------------------------------------------
     0 | D:1      | HolyTactitian the Tengu Air Elementalist began the quest
                  | for the Orb.
     0 | D:1      | Reached XP level 1. HP: 10/10 MP: 4/4
   287 | D:1      | Reached XP level 2. HP: 15/15 MP: 3/6
   473 | D:1      | Slain by a quokka

Illustrated notes

Levels and vault maps discovered:
D:1:      nzn_arrival_settlement, layout_basic, kennysheep_flooded_box,
          kennysheep_boxes

Action                   || total
-------------------------++-------
Melee: Staff             ||    13
       Peck              ||     4
       Kick              ||     3
 Cast: Shock             ||    20
Armor: Robe              ||     9
Dodge: Dodged            ||    15

Table legend: (Time is in decaauts)
 A = Elapsed time spent in this place.
 B = Non-inter-level travel time spent in this place.
 C = Inter-level travel time spent in this place.
 D = Time resting spent in this place.
 E = Time spent auto-exploring this place.
 F = Levels seen in this place.
 G = Mean time per level.
                   A        B        C        D        E       F      G
               +--------+--------+--------+--------+--------+-----+--------+
         Total |    474 |    448 |     26 |      0 |      0 |   1 |  474.0 |
       Dungeon |    474 |    448 |     26 |      0 |      0 |   1 |  474.0 |
               +--------+--------+--------+--------+--------+-----+--------+

Top non-repeatable levels by time:
     D:1: 474 daAuts
